 Dungeon Crawl Stone Soup version 0.24.0-13-gcf9b319 (webtiles) character file.

Game seed: 3624959844107524052, levelgen mode: deterministic

35 Balder the Skirmisher (level 3, -2/30 HPs)
             Began as a Barachi Fighter on May 14, 2020.
             Slain by a gnoll
             ... wielding a cursed +0 spear
              (6 damage)
             ... on level 2 of the Dungeon.
             The game lasted 00:03:11 (739 turns).

Balder the Skirmisher (Barachi Fighter)              Turns: 739, Time: 00:03:12

Health: -2/30      AC:  7    Str: 22    XL:     3   Next: 35%
Magic:  3/3        EV:  7    Int:  8    God:
Gold:   48         SH:  9    Dex: 12    Spells: 2/2 levels left

rFire    . . .     SeeInvis .   a - +0 long sword
rCold    . . .     Gourm    .   c - +0 shield
rNeg     . . .     Faith    .   b - +0 scale mail
rPois    .         Spirit   .   (no helmet)
rElec    .         Reflect  .   (no cloak)
rCorr    .         Harm     .   (no gloves)
MR       .....                  (no boots)
Stlth    ..........             (no amulet)
HPRegen  0.10/turn              (no ring)
MPRegen  0.08/turn              (no ring)

@: mighty, hasted, very quick
A: +LOS, swims, slowness 1, strong legs 1
a: Hop


You were on level 2 of the Dungeon.
You were not hungry.

You visited 1 branch of the dungeon, and saw 2 of its levels.

You collected 48 gold pieces.

Inventory:

Hand Weapons
 a - a +0 long sword (weapon)
Armour
 b - a +0 scale mail (worn)
 c - a +0 shield (worn)
Jewellery
 j - an uncursed ring of ice {unknown}
Scrolls
 e - 5 scrolls of identify {unknown}
 k - a scroll of fear {unknown}
Potions
 h - a potion of invisibility {unknown}
Comestibles
 f - a ration
 i - 3 chunks of flesh


   Skills:
 * Level 4.0 Fighting
 * Level 3.0 Long Blades
 * Level 0.4 Throwing
 * Level 3.9 Armour
 * Level 0.5 Dodging
 * Level 0.4 Stealth
 * Level 3.6 Shields


You had 2 spell levels left.
You didn't know any spells.
Your spell library was empty.

Dungeon Overview and Level Annotations

Branches:
Dungeon (2/15)

Altars:


Innate Abilities, Weirdness & Mutations

Shadows flee at your approach. (+LOS)
You can swim through water.
You cover ground slowly.
You can hop short distances.


Message History

You kill the hobgoblin!
You block the gnoll's attack.
The gnoll hits you from afar with a +0 spear!
You feel very mighty all of a sudden. The gnoll closely misses you.
You block the gnoll's attack. The gnoll hits you with a +0 spear.
The gnoll hits you from afar with a +0 spear.
* * * LOW HITPOINT WARNING * * *
Some of the chunks of flesh in your inventory have rotted away.
You slash the gnoll!
You kill the gnoll!
Your Long Blades skill increases to level 3!
The gnoll hits you from afar with a cursed +0 spear.
* * * LOW HITPOINT WARNING * * *
You block the gnoll's attack. The gnoll barely misses you.
It was a potion of haste.
You feel yourself speed up. The gnoll hits you but does no damage.
The gnoll hits you but does no damage.
The gnoll hits you from afar with a cursed +0 spear.
You die...

######## .......# .......#
#### .......+ ..#
.......######.#
.......#...##.###########.
.......+......gg@..(......
.......#.#.##.######.###.#
.......#.#.##.#
......gg.รท.##.#
.....g.#.####.. .......#.#
### .................
########.######## #.#


You could see 2 gnolls.

Vanquished Creatures
  An adder (D:2)
  A gnoll (D:2)
  A dart slug (D:1)
  A goblin (D:1)
  A hobgoblin (D:2)
  A quokka (D:2)
  5 bats (D:1)
  A frilled lizard (D:1)
  4 kobolds (D:1)
  A rat (D:1)
17 creatures vanquished.

Notes
Turn   | Place    | Note
-------+----------+-------------------------------------------
     0 | D:1      | Balder the Barachi Fighter began the quest for the Orb.
     0 | D:1      | Reached XP level 1. HP: 18/18 MP: 1/1
   349 | D:1      | Reached XP level 2. HP: 18/25 MP: 2/2
   701 | D:2      | Reached skill level 4 in Fighting
   701 | D:2      | Reached XP level 3. HP: 30/30 MP: 3/3
   739 | D:2      | Slain by a gnoll

Levels and vault maps discovered:
D:1:      ncdulo_smallfort, layout_rooms, serial_bayou_lake_a
D:2:      layout_basic, grunt_temple_overflow_growth_and_decay,
          lemuel_doored_altar

Skill      XL: |  1  2  3 |
---------------+----------+-----
Fighting       | 4 |  4.0
Long Blades    | 3 |  3.0
Throwing       | |  0.4
Armour         | |  3.9
Dodging        | |  0.5
Stealth        | |  0.4
Shields        | |  3.6

Action                   || total
-------------------------++-------
Melee: Long sword        ||    77
  Use: Potion            ||     2
Armor: Scale mail        ||    45
Dodge: Dodged            ||    20
Block: Shield            ||    46
       Rpst.: Long sword ||     4
